 Dungeon Crawl Stone Soup version 0.31.0-1-g2c135a008e (webtiles) character file.

Game seed: 531964001499531848

2900 qw the Skirmisher (level 10, -1/72 HPs)
             Began as a Djinni Hunter on Jan 23, 2024.
             Was an Elder of Okawaru.
             Slain by an ice beast (5 damage)
             ... on level 7 of the Dungeon.
             The game lasted 00:00:28 (7022 turns).

qw the Skirmisher (Djinni Hunter)                   Turns: 7022, Time: 00:00:28

Health: -1/72      AC:  6    Str: 10    XL:     10   Next: 6%
Gold:   507        EV: 13    Int: 10    God:    Okawaru [****..] SH:  5 Dex: 22

rFire   + + +        j - +2 longbow (freeze)
rCold   . . .        (shield currently unavailable)
rNeg    + . .        a - +1 ring mail {Will+}
rPois   inf          (no helmet)
rElec   .            k - scarf {rC+ rF+}
rCorr   .            (no gloves)
SInv    .            (boots unavailable)
Will    ++...        i - amulet of reflection
Stlth   +            l - ring of positive energy
HPRegen 0.32/turn    (no ring)
MPRegen 0.00/turn

%: reflection, infuse magic (-2 HP)
@: flying
A: sickness immunity, fire resistance 2, cold vulnerability 1, float, innate
caster, HP casting, extra vitality 1
a: Renounce Religion, Heroism, Finesse


You were on level 7 of the Dungeon.
You worshipped Okawaru.
Okawaru was greatly pleased with you.
You visited 2 branches of the dungeon, and saw 9 of its levels.

You collected 507 gold pieces.


Innate Abilities, Weirdness & Mutations

You are immune to sickness and miasma.
You are immune to poison.
Your flesh is very heat resistant. (rF++)
You are vulnerable to cold. (rC-)
You float through the air rather than walking.
You learn spells naturally, not from books.
Your magical power is your life essence.
You have superior vitality. (+4 MHP)


   Skills:
 - Level 6.0 Fighting
 + Level 8.9 Ranged Weapons
 - Level 2.0 Armour
 - Level 5.1 Dodging
 - Level 0.7 Stealth
 + Level 4.3 Invocations


You knew the following spells:

 Your Spells              Type           Power      Damage    Failure   Level
a - Sting                 Conj/Alch      0%         1d3       67%         1
b - Jinxbite              Hex            0%         N/A       82%         2
c - Sigil of Binding      Hex            0%         N/A       96%         3
d - Anguish               Hex/Necr       0%         N/A       100%        4
Your spell library was empty.

Inventory:

Hand Weapons
 j - a +2 longbow of freezing (weapon)
Armour
 a - a +1 ring mail of willpower (worn)
 k - a scarf of resistance (worn)
Jewellery
 i - an amulet of reflection (around neck)
 l - a ring of positive energy (left hand)
Wands
 d - a wand of roots (6)
Scrolls
 m - a scroll of teleportation
Potions
 c - 2 potions of resistance
 e - a potion of might
 f - a potion of mutation {unknown}
 g - a potion of degeneration {unknown}
 h - a potion of brilliance {unknown}

Dungeon Overview and Level Annotations

Branches:
Dungeon (8/15)             Temple (1/1) D:4
   Lair: D:8-11

Altars:
Ashenzari
Cheibriados
Dithmenos
Elyvilon
Fedhas
Gozag
Hepliaklqana
Nemelex Xobeh
Okawaru
Qazlal
Ru
Trog
Uskayaw
Wu Jian
Xom
Zin
The Shining One

Shops:
D:1 ?   D:2 [

Annotations:
D:5 3 runed translucent doors, qw's ghost, novice GrHu
D:7 2 transporters


Message History

Partly explored, unvisited transporter.
What level of the Dungeon? (default 8, ? - help)
You fly downwards.
You block the ice beast's attack. The ice beast barely misses you.
There is a stone staircase leading up here.
7015 ||| STAIRDANCE You block the kobold's attack.
The ice beast completely misses you. The ice beast hits you.
The ice beast freezes you! The wolf bites you.
You fly upwards.
Level annotation: 2 transporters
There is a stone staircase leading down here.
You shoot an arrow. The arrow closely misses the ice beast.
You block the ice beast's attack. The kobold misses you.
The ice beast misses you.
You shoot an arrow. The arrow closely misses the ice beast.
The ice beast barely misses you. The kobold hits you but does no damage.
The ice beast misses you. The kobold hits you with a +0 dagger.
You block the ice beast's attack.
The ice beast hits you but does no damage.
You shoot an arrow.
The arrow hits the ice beast but does no damage.
The ice beast hits you. The ice beast freezes you!
The kobold closely misses you. The ice beast completely misses you.
You shoot an arrow. The arrow hits the ice beast.
The ice beast is lightly wounded.
The ice beast closely misses you. You block the kobold's attack.
The ice beast hits you but does no damage.
The ice beast hits you. The ice beast freezes you.
The kobold hits you with a +0 dagger.
The ice beast hits you but does no damage.
You shoot an arrow. The arrow barely misses the ice beast.
The ice beast hits you. The ice beast freezes you.
The ice beast hits you but does no damage.
The kobold hits you with a +0 dagger.
You shoot an arrow. The arrow hits the ice beast!
The ice beast is heavily wounded.
The ice beast hits you. The ice beast freezes you!
The kobold closely misses you. The ice beast hits you.
The ice beast freezes you.
You die...

#.#.....#####.....## #.#
######.###.......#......# #.#
##...#..# #.#####.#......# #.#
##......####.# #.#......# #.#
#.......# #..# #.#......# #.#
#)......# #.######.######## #.#
#.......# #.##...#........# #.###
##.....####.##.##########.###.##.
##........#.##.#@Y#....##........
#.......#.#.##.#YK#........##....
#.......###....#........######..#
#.......########..#.#...........#
##..#..###............######.....
#...#.## #.######.#.#.# #........
...##.# #.# #......###........
....#.# ##.# #.#.#####.........
....#.###..# ##.#.# ##..........


You could see 2 ice beasts and a kobold.

Vanquished Creatures
  4 yaks (D:6)
  2 wyverns (D:7)
  A black bear (D:5)
  An ogre (D:6)
  A centaur (D:6)
  A phantom (D:5)
  A bullfrog (D:7)
  5 scorpions
  3 wights (D:7)
  5 killer bees (D:7)
  5 howler monkeys
  A bombardier beetle (D:6)
  An orc priest (D:4)
  2 gnoll boudas
  3 hounds
  2 jellies (D:4)
  3 iguanas (D:6)
  2 sleepcaps
  6 orc wizards
  7 adders
  10 gnolls
  A white imp (D:4)
  A dart slug (D:3)
  A ribbon worm (D:2)
  20 orcs
  8 bats
  5 endoplasms
  12 goblins
  12 hobgoblins
  4 quokkas
  A ball python (D:2)
  5 kobolds
  7 rats
143 creatures vanquished.

Notes
Turn   | Place    | Note
-------+----------+-------------------------------------------
     0 | D:1      | qw the Djinni Hunter began the quest for the Orb.
     0 | D:1      | Reached XP level 1. HP: 18/18 MP: 0/0
     0 | D:1      | 0 ||| qw: Version: 0.3-a-132-g3d54051
     0 | D:1      | 0 ||| qw: Game counter: 603
     0 | D:1      | 0 ||| qw: Melee chars always use a shield: true
     0 | D:1      | 0 ||| qw: God list: Okawaru
     0 | D:1      | 0 ||| qw: Allow faded altars: false
     0 | D:1      | 0 ||| qw: Do Orc after clearing Dungeon:15 true
     0 | D:1      | 0 ||| qw: Do second Lair branch before Depths: true
     0 | D:1      | 0 ||| qw: Lair rune preference: random
     0 | D:1      | 0 ||| qw: Goals: Normal
     0 | D:1      | 0 ||| PLANNING D:1-11
    11 | D:1      | Found Ylearem's Magic Scroll Shoppe.
    20 | D:1      | 20 ||| SHOPLISTING scroll of enchant armour (105 gold, have
                  | 0).
    20 | D:1      | 20 ||| SHOPLISTING scroll of identify (28 gold, have 0).
    20 | D:1      | 20 ||| SHOPLISTING scroll of teleportation (42 gold, have
                  | 0).
   246 | D:1      | Reached XP level 2. HP: 23/23 MP: 0/0
   591 | D:1      | Reached XP level 3. HP: 28/28 MP: 0/0
   591 | D:1      | Learned a level 1 spell: Sting
   604 | D:1      | Reached skill level 4 in Ranged Weapons
  1112 | D:1      | 1112 ||| UPGRADING to +0 ring mail.
  1122 | D:1      | 1122 ||| DROPPING +0 leather armour.
  1123 | D:1      | 1123 ||| READING scroll labelled PIZUBRE BEE.
  1176 | D:1      | 1176 ||| READING 2 scrolls labelled MEXTAOR WYCSOWK.
  1177 | D:1      | 1177 ||| READING 2 scrolls labelled RIQEKHOULI.
  1181 | D:1      | 1181 ||| READING scroll labelled EKLORI HIXTES.
  1182 | D:1      | 1182 ||| READING 2 scrolls labelled HUORAU IDAZU.
  1182 | D:1      | 1182 ||| IDENTIFYING green potion
  1183 | D:1      | 1183 ||| DROPPING scroll of butterflies.
  1184 | D:1      | 1184 ||| DROPPING potion of lignification.
  1185 | D:1      | 1185 ||| DROPPING scroll of fog.
  1204 | D:2      | Found Jeoka's Armour Shop.
  1225 | D:2      | 1225 ||| SHOPLISTING +1 ring mail of poison resistance (169
                  | gold, have 66).
  1225 | D:2      | 1225 ||| SHOPLISTING +2 leather armour of the Mantidfly
                  | {Harm} (247 gold, have 66).
  1225 | D:2      | 1225 ||| SHOPLISTING +2 pair of gloves (214 gold, have 66).
  1282 | D:2      | Reached skill level 1 in Armour
  1282 | D:2      | 1282 ||| FLEEEEING.
  1348 | D:2      | Reached XP level 4. HP: 30/34 MP: 0/0
  1348 | D:2      | 1348 ||| FLEEEEING.
  1443 | D:2      | Found an opulent altar of Gozag.
  1588 | D:2      | Reached skill level 3 in Fighting
  1725 | D:2      | 1725 ||| READING 2 scrolls of identify.
  1725 | D:2      | 1725 ||| IDENTIFYING scroll labelled MAEGYTOPUSS
  1726 | D:2      | 1726 ||| DROPPING scroll of poison.
  1823 | D:3      | Found a sparkling altar of Nemelex Xobeh.
  1841 | D:3      | 1841 ||| FLEEEEING.
  1900 | D:3      | Found a broken altar of Ashenzari.
  2006 | D:3      | Found a faded altar of an unknown god.
  2257 | D:3      | 2257 ||| READING 2 scrolls of identify.
  2257 | D:3      | 2257 ||| IDENTIFYING clear potion
  2258 | D:3      | 2258 ||| READING scroll of identify.
  2258 | D:3      | 2258 ||| IDENTIFYING viscous blue potion
  2259 | D:3      | 2259 ||| DROPPING potion of invisibility.
  2308 | D:4      | Reached XP level 5. HP: 40/40 MP: 0/0
  2308 | D:4      | Learned a level 2 spell: Jinxbite
  2313 | D:4      | Found a blossoming altar of Fedhas.
  2361 | D:4      | Reached skill level 5 in Ranged Weapons
  2531 | D:4      | Reached skill level 3 in Dodging
  2531 | D:4      | Reached XP level 6. HP: 46/46 MP: 0/0
  2541 | D:4      | 2541 ||| FLEEEEING.
  2544 | D:4      | 2544 ||| STAIRDANCE
  2564 | D:3      | 2564 ||| READING scroll labelled MIARHEIPOER.
  2644 | D:4      | 2644 ||| FLEEEEING.
  2832 | D:4      | HP: 11/47 [orc/+0 whip (4)]
  2833 | D:4      | 2833 ||| READING 3 scrolls of teleportation.
  2836 | D:4      | 2836 ||| FLEEEEING.
  2974 | D:4      | Found a staircase to the Ecumenical Temple.
  2975 | D:4      | 2975 ||| PLANNING TEMPLE
  2982 | Temple   | Entered the Ecumenical Temple
  2983 | Temple   | 2983 ||| PLANNING OKAWARU WORSHIP
  3012 | Temple   | Became a worshipper of Warmaster Okawaru
  3013 | Temple   | 3013 ||| PLANNING D:1-11
  3456 | D:5      | Entered Level 5 of the Dungeon
  3456 | D:5      | Noticed a black bear
  3460 | D:5      | Killed a black bear
  3461 | D:5      | Reached XP level 7. HP: 42/52 MP: 0/0
  3461 | D:5      | Learned a level 3 spell: Sigil of Binding
  3461 | D:5      | 3461 ||| STAIRDANCE
  3463 | D:4      | 3463 ||| FLEEEEING.
  3692 | D:5      | Reached * piety under Okawaru
  3693 | D:5      | Reached skill level 6 in Ranged Weapons
  3693 | D:5      | 3693 ||| FLEEEEING.
  3808 | D:5      | 3808 ||| SWAPPING to +2 longbow of freezing.
  3809 | D:5      | 3809 ||| DROPPING +0 shortbow.
  3930 | D:5      | Found a runed translucent gate.
  3930 | D:5      | Found a runed translucent gate.
  3930 | D:5      | Found a runed translucent gate.
  3930 | D:5      | Noticed qw's ghost (novice GrHu)
  3931 | D:5      | Noticed qw's ghost (novice GrHu)
  4188 | D:5      | Reached skill level 1 in Invocations
  4248 | D:5      | 4248 ||| DRINKING potion of curing.
  4248 | D:5      | 4248 ||| (to cure confusion)
  4252 | D:5      | HP: 13/52 [adder (1)]
  4253 | D:5      | 4253 ||| READING 3 scrolls of teleportation.
  4253 | D:5      | HP: 5/52 [scorpion (5)]
  4255 | D:5      | Reached XP level 8. HP: 5/58 MP: 0/0
  4256 | D:5      | 4256 ||| FLEEEEING.
  4629 | D:5      | 4629 ||| UPGRADING to scarf of resistance.
  4634 | D:5      | 4634 ||| READING scroll labelled ONEYTS QOAL.
  4635 | D:5      | 4635 ||| DRINKING 3 inky potions.
  4641 | D:5      | 4641 ||| DRINKING 2 fizzy pink potions.
  4642 | D:5      | 4642 ||| DROPPING 2 potions of ambrosia.
  4716 | D:6      | 4716 ||| FLEEEEING.
  4827 | D:6      | Found a white marble altar of Elyvilon.
  4878 | D:6      | Reached skill level 3 in Invocations
  4939 | D:6      | HP: 12/58 [gnoll/+2 spear of flaming[a gnoll bouda] (3)]
  4940 | D:6      | 4940 ||| READING 2 scrolls of teleportation.
  4942 | D:6      | Reached ** piety under Okawaru
  4943 | D:6      | 4943 ||| READING scroll of teleportation.
  4946 | D:6      | 4946 ||| FLEEEEING.
  5328 | D:6      | Noticed a yak
  5329 | D:6      | Noticed a yak
  5330 | D:6      | 5330 ||| RETREEEEATING.
  5333 | D:6      | Noticed a yak
  5334 | D:6      | 5334 ||| RETREEEEATING.
  5335 | D:6      | Killed a yak
  5335 | D:6      | Noticed a yak
  5336 | D:6      | Reached skill level 7 in Ranged Weapons
  5338 | D:6      | Killed a yak
  5339 | D:6      | Reached XP level 9. HP: 54/64 MP: 0/0
  5339 | D:6      | Learned a level 4 spell: Anguish
  5341 | D:6      | Reached *** piety under Okawaru
  5343 | D:6      | 5343 ||| FLEEEEING.
  5615 | D:6      | 5615 ||| UPGRADING to ring of positive energy.
  5616 | D:6      | 5616 ||| READING scroll of identify.
  5616 | D:6      | 5616 ||| IDENTIFYING glowing cyan potion
  5617 | D:6      | 5617 ||| READING 2 scrolls labelled ETSUAREVUG.
  5618 | D:6      | 5618 ||| DROPPING scroll of fear.
  5656 | D:7      | 5656 ||| RETREEEEATING.
  5672 | D:7      | 5672 ||| FLEEEEING.
  5682 | D:7      | 5682 ||| STAIRDANCE
  5782 | D:7      | Reached skill level 8 in Ranged Weapons
  5782 | D:7      | 5782 ||| FLEEEEING.
  5908 | D:7      | Reached skill level 6 in Fighting
  5913 | D:7      | 5913 ||| FLEEEEING.
  6117 | D:7      | 6117 ||| UPGRADING to +1 ring mail of willpower.
  6119 | D:7      | 6119 ||| UPGRADING to +1 ring mail of willpower.
  6136 | D:7      | 6136 ||| DROPPING +0 ring mail.
  6194 | D:7      | 6194 ||| FLEEEEING.
  6360 | D:7      | Noticed a two-headed ogre
  6547 | D:7      | Found a transporter.
  6548 | D:7      | Found a transporter.
  6593 | D:7      | 6593 ||| RETREEEEATING.
  6594 | D:7      | 6594 ||| RETREEEEATING.
  6595 | D:7      | Reached **** piety under Okawaru
  6596 | D:7      | Reached XP level 10. HP: 72/72 MP: 0/0
  6850 | D:7      | 6850 ||| UPGRADING to amulet of reflection.
  6855 | D:7      | 6855 ||| READING scroll labelled JUADGH FAFONOZE.
  6856 | D:7      | 6856 ||| FLEEEEING.
  7008 | D:8      | 7008 ||| STAIRDANCE
  7015 | D:8      | 7015 ||| STAIRDANCE
  7022 | D:7      | HP: 8/72 [ice beast (13)]
  7022 | D:7      | Slain by an ice beast

Levels and vault maps discovered:
D:1:      minmay_arrival_jagged, layout_basic, serial_shops, shop
D:2:      cheibrodos_greedy_goblins, layout_rooms, basic_altar, serial_shops,
          nicolae_shop_temple_entry_statues_fountains
D:3:      layout_basic, nemelex_xobeh_ov_fountains_minmay,
          mainiacjoe_overflow_tiny_flanked,
          shapermc_ecumenical_altar_mp_vishouse
D:4:      layout_loops_ring, fedhas_altar_3, minmay_temple_entry_glassed_door
D:5:      layout_cave_pods, gammafunk_ghost_cemetery
D:6:      layout_basic, mainiacjoe_overflow_paths
D:7:      gammafunk_beogh_shrine, layout_rooms, serial_co_window_serial,
          co_window_of_opportunity_a, co_window_of_opportunity_a,
          co_window_corner_a, co_window_corner_a, co_window_corner_a,
          co_window_corner_b, co_window_of_opportunity_b, co_window_broadway_b,
          co_window_corner_b, co_window_4corner_b, co_window_paths_d,
          glass_columns_a
D:8:      layout_cave_pools, lemuel_crystal_altar, hellmonk_lair_entry_icy
Temple:   bh_familiar_temple

Skill      XL: |  1  2  3  4  5  6  7  8  9 |
---------------+----------------------------+-----
Ranged Weapons | 4 5 6 7 8 |  8.9
Armour         | 1 2 |  2.0
Fighting       | 3 4 6 |  6.0
Dodging        | 3 4 5 |  5.1
Invocations    | 1 4 |  4.3
Stealth        | |  0.7

Action                     |  1- 3 |  4- 6 |  7- 9 | 10-12 || total
---------------------------+-------+-------+-------+-------++-------
   Fire: Shortbow          |    78 |   139 |    26 |       ||   243
         Longbow           |       |       |   178 |    19 ||   197
    Use: Scroll            |     5 |     5 |     6 |     1 ||    17
         Potion            |       |       |     3 |       ||     3
 Armour: Leather armour    |     2 |       |       |       ||     2
         Ring mail         |    19 |    89 |   107 |    18 ||   233
  Dodge: Dodged            |    18 |    60 |   103 |    18 ||   199
  Block: Other             |       |       |       |     6 ||     6

Table legend:
 A = Non-vault XP
 B = Vault XP
 C = Vault XP percentage of total XP
 D = Non-vault monster count
 E = Vault monster count
 F = Vault count percentage of total count
                 A         B        C        D         E       F
            +---------+---------+-------+---------+---------+-------
      Total |    4122 |      22 |   0.5 |     132 |      11 |   7.7
            +---------+---------+-------+---------+---------+-------
        D:1 |      36 |       0 |   0.0 |      21 |       0 |   0.0
        D:2 |      45 |      22 |  32.8 |      12 |      11 |  47.8
        D:3 |      34 |       0 |   0.0 |      10 |       0 |   0.0
        D:4 |     333 |       0 |   0.0 |      15 |       0 |   0.0
        D:5 |     568 |       0 |   0.0 |      17 |       0 |   0.0
        D:6 |    1504 |       0 |   0.0 |      25 |       0 |   0.0
        D:7 |    1602 |       0 |   0.0 |      32 |       0 |   0.0
            +---------+---------+-------+---------+---------+-------
